 Dungeon Crawl Stone Soup version 0.27-a0-1188-g73eefd5def (webtiles) character file.

Game seed: 11202561612005626100

330 spiderkeys the Skirmisher (level 6, 0/44 HPs)
             Began as an Octopode Abyssal Knight on May 21, 2021.
             Was a Priest of Lugonu.
             Slain by a ball python (2 damage)
             ... on level 4 of the Dungeon.
             The game lasted 00:03:44 (3739 turns).

spiderkeys the Skirmisher (Octopode Abyssal Knight) Turns: 3739, Time: 00:03:44

Health: 0/44       AC:  1    Str: 13    XL:     6   Next: 51%
Magic:  17/17      EV: 14    Int: 14    God:    Lugonu [***...]
Gold:   149        SH:  0    Dex: 12    Spells: 5/5 levels left

rFire    . . .     SeeInvis .   a - +1 spear
rCold    . . .     Faith    .   (no shield)
rNeg     + . .     Spirit   .   (helmet restricted)
rPois    .         Reflect  .   (no amulet)
rElec    .         Harm     .   g - ring of Kohuggudd {rN+ MP+9 Slay+5}
rCorr    .         Rampage  .   (no ring)
Will     .....                  (no ring)
Stlth    ++........             (no ring)
HPRegen  0.14/turn              (no ring)
MPRegen  0.15/turn              (no ring)
                                (no ring)
                                (no ring)

@: no status effects
A: almost no armour, amphibious, 8 rings, camouflage 1, gelatinous body 1,
(nimble swimmer 1), tentacles
a: Renounce Religion, Depart the Abyss, Bend Space, Banish


You were on level 4 of the Dungeon.
You worshipped Lugonu.
Lugonu was most pleased with you.
You visited 1 branch of the dungeon, and saw 4 of its levels.
You visited the Abyss 1 time.

You collected 149 gold pieces.


Innate Abilities, Weirdness & Mutations

You cannot wear most types of armour.
You are amphibious.
You can wear up to eight rings at the same time.
Your skin changes colour to match your surroundings (Stealth+).
Your rubbery body absorbs attacks. (AC +1, EV +1)
((You are camouflaged near water. (Stealth+)))
You have tentacles for arms and can constrict up to eight enemies at once.


   Skills:
 + Level 4.4 Fighting
 + Level 3.6 Polearms
 + Level 3.9 Dodging
 + Level 3.9 Invocations


You had 5 spell levels left.
You didn't know any spells.
Your spell library contained the following spells:

 Spells                   Type           Power      Damage    Failure   Level
 Magic Dart               Conj           0%         1d3       28%         1
 Searing Ray              Conj           0%         3d3       41%         2
 Dazzling Flash           Conj/Hex       0%         N/A       65%         3
 Fulminant Prism          Conj/Hex       0%         3d6       96%         4
 Iskenderun's Mystic Bla  Conj/Tloc      0%         2d3       96%         4

Inventory:

Hand Weapons
 a - a +1 spear (weapon)
Missiles
 b - 75 stones
 c - 14 poisoned darts
 d - 9 boomerangs
 f - 18 bolts
 l - 8 datura-tipped darts
 o - 28 arrows
Jewellery
 g - the ring of Kohuggudd (left tentacle) {rN+ MP+9 Slay+5}
   (You acquired it on level 3 of the Dungeon)

   [ring of magical power]

   It affects your accuracy and damage with ranged weapons and melee attacks
   (+5).
   It protects you from negative energy.
   It affects your magic capacity (+9).
Wands
 m - a wand of digging (1)
   (You took it off Ijyb on level 4 of the Dungeon)
 q - a wand of acid (9)
   (You found it on level 4 of the Dungeon)
Scrolls
 p - a scroll of teleportation {@r4}
Potions
 e - 2 potions of magic {unknown}
 h - a potion of resistance {unknown}
 i - a potion of mutation {unknown}
 j - a potion of might {unknown}
 k - a potion of berserk rage {unknown}
 n - a potion of curing {unknown}

Dungeon Overview and Level Annotations

Branches:
Dungeon (4/15)
 Temple: D:4-7

Altars:

## #....## #... #.....##
###... ##......## .....
####........##
.....#####............#
#...#......#.........
####.....O.#####........
........S### ##.......
.......@## ##......
.....(.## ##.....
....... #..... .......
##.... ####... ##...
###.## #..## #..# #####
#..####### #
######......... #


You could see an ogre and a ball python.


Message History

e - 2 fuming green potions (gained 1)
You now have 149 gold pieces (gained 7).
o - 28 arrows
p - a scroll of teleportation {@r4}
q - a wand of acid (9)
An endoplasm comes into view.
An endoplasm is nearby!
An endoplasm is nearby!
You see here 7 stones.
A hound comes into view.
You reach to attack!
The endoplasm quivers.
You puncture the endoplasm!
You kill the endoplasm!
Lugonu accepts your kill.
You reach to attack!
You hit the hound. You puncture the hound! You grab the hound.
You constrict the hound.
You kill the hound!
Lugonu accepts your kill.
No target in view!
No target in view!
b - 75 stones (gained 7) Key pressed, stopping explore.
A scorpion comes into view.
A kobold comes into view. It is wielding a +0 hand axe.
You reach to attack!
The kobold shouts!
You hit the scorpion. You hit the scorpion. You grab the scorpion.
You constrict the scorpion. The scorpion misses you.
The kobold throws a stone.
The stone closely misses you.
An ogre comes into view. It is wielding a +0 giant spiked club.
The ogre shouts!
You hit the scorpion. You squeeze the scorpion! You constrict the scorpion.
You kill the scorpion!
Lugonu accepts your kill.
The kobold throws a stone.
The stone hits you.
You now have 44 max hp (+1).
You hit the kobold but do no damage. You grab the kobold.
You constrict the kobold. The kobold barely misses you.
You hit the kobold.
You constrict the kobold, but do no damage.
The ogre hits you with a +0 giant spiked club!!
* * * LOW HITPOINT WARNING * * *
The kobold barely misses you. 😨 HP[-21]
You take 21 damage, and now have 22/44 hp.
MASSIVE DAMAGE!! (PAUSE)
Press: ? - help, Shift-Dir - straight line, f - ogre
Aim: an ogre, wielding a +0 giant spiked club (chance to affect: 82%)
You fail to use your ability.
You constrict the kobold.
You kill the kobold!
Lugonu accepts your kill. 😮 HP[+1]
Press: ? - help, Shift-Dir - straight line, f/p - ogre
Aim: an ogre, wielding a +0 giant spiked club (chance to affect: 82%)
You fail to use your ability.
The ogre completely misses you.
Press: ? - help, Shift-Dir - straight line, f/p - ogre
Aim: an ogre, wielding a +0 giant spiked club (chance to affect: 82%)
You fail to use your ability.
A ball python comes into view.
The ogre closely misses you.
Press: ? - help, Shift-Dir - straight line, f/p - ogre
Aim: an ogre, wielding a +0 giant spiked club (chance to affect: 82%)
You fail to use your ability.
The ogre closely misses you.
Press: ? - help, Shift-Dir - straight line, f/p - ogre
Aim: an ogre, wielding a +0 giant spiked club (chance to affect: 82%)
You fail to use your ability.
Press: ? - help, Shift-Dir - straight line, f/p - ogre
Aim: an ogre, wielding a +0 giant spiked club (chance to affect: 82%)
You fail to use your ability.
The ogre closely misses you.
The ball python hisses angrily.
The ball python bites you.
* * * LOW HITPOINT WARNING * * *
The ball python grabs you.
* * * LOW HITPOINT WARNING * * *
The ball python constricts you. 😨 HP[-3]
You take 3 damage, and now have 20/44 hp.
You escape the ball python's grasp. 😨 HP[+1]
The ball python bites you.
* * * LOW HITPOINT WARNING * * *
The ball python misses you. 😨 HP[-1]
You take 1 damage, and now have 20/44 hp.
The ball python misses you.
The ball python closely misses you. 😨 HP[+1]
The ball python barely misses you. The ball python misses you.
The ogre hits you with a +0 giant spiked club!!
* * * LOW HITPOINT WARNING * * *
😱 HP[-20]
You take 20 damage, and now have 1/44 hp.
MASSIVE DAMAGE!! (PAUSE)
The ball python bites you.
You die...

Skill      XL: |  1  2  3  4  5 |
---------------+----------------+-----
Dodging        | 3 |  3.9
Invocations    | 3 |  3.9
Polearms       | 3 |  3.6
Fighting       | 4 |  4.4

Action                   |  1- 3 |  4- 6 || total
-------------------------+-------+-------++-------
Melee: Spear             |    52 |    95 ||   147
       Tentacles         |    13 |    14 ||    27
       Constrict         |    13 |    28 ||    41
  Use: Scroll            |     6 |     3 ||     9
 Stab: Sleeping          |     1 |     8 ||     9
Armor: Skin              |     4 |     4 ||     8
Dodge: Dodged            |    29 |    32 ||    61

Levels and vault maps discovered:
D:1:      scummos_arrival_checkerplants, layout_loops_corners
D:2:      layout_loops_cross
D:3:      layout_loops_ring, uniq_jessica, uniq_crazy_yiuf_cottage
D:4:      layout_layer_cave, lemuel_round_altar, kennysheep_small_square,
          uniq_ijyb

Notes
Turn   | Place    | Note
-------+----------+-------------------------------------------
     0 | Abyss:1  | spiderkeys the Octopode Abyssal Knight began the quest for
                  | the Orb.
     0 | Abyss:1  | Reached XP level 1. HP: 16/16 MP: 2/2
     0 | Abyss:1  | magus.rc [v1.9.10]
    29 | Abyss:1  | Noticed a quasit
    58 | Abyss:1  | Killed a quasit
    59 | Abyss:1  | Reached XP level 2. HP: 19/21 MP: 3/3
    59 | Abyss:1  | Reached XP level 3. HP: 24/26 MP: 4/4
    69 | D:1      | You pass through the gate.
    69 | D:1      | Escaped the Abyss
   909 | D:1      | Reached ** piety under Lugonu
   911 | D:1      | Reached skill level 3 in Dodging
   911 | D:1      | Reached XP level 4. HP: 28/31 MP: 6/6
  1931 | D:2      | Reached skill level 3 in Invocations
  2030 | D:2      | You pick up a book of Conjurations and begin reading...
  2030 | D:2      | You add the spells Magic Dart, Searing Ray, Dazzling Flash,
                  | Fulminant Prism and Iskenderun's Mystic Blast to your
                  | library.
  2099 | D:3      | Identified a scroll of acquirement
  2099 | D:3      | Acquired the ring of Kohuggudd {rN+ MP+9 Slay+5}
  2233 | D:3      | Noticed Jessica
  2239 | D:3      | Killed Jessica
  2240 | D:3      | Reached skill level 3 in Polearms
  2240 | D:3      | Reached XP level 5. HP: 37/37 MP: 7/7
  2298 | D:3      | Found a runed translucent door.
  2299 | D:3      | Noticed Crazy Yiuf
  3056 | D:3      | Killed Crazy Yiuf
  3057 | D:3      | Reached skill level 4 in Fighting
  3302 | D:4      | Noticed Ijyb
  3309 | D:4      | Killed Ijyb
  3310 | D:4      | Reached XP level 6. HP: 19/43 MP: 8/8
  3498 | D:4      | Reached *** piety under Lugonu
  3737 | D:4      | HP: 1/44 [ogre/+0 giant spiked club (20)]
  3739 | D:4      | Slain by a ball python

Vanquished Creatures
  A scorpion (D:4)
  A quasit (Abyss:1)
  Crazy Yiuf (D:3)
  2 hounds (D:4)
  Jessica (D:3)
  Ijyb (D:4)
  3 adders
  2 worms (D:3)
  A dart slug (D:1)
  An orc (D:3)
  6 endoplasms
  A giant cockroach (D:1)
  8 goblins
  6 hobgoblins
  8 jackals (D:1)
  5 kobolds
  7 ball pythons
  6 bats
  A frilled lizard (D:3)
  6 rats
68 creatures vanquished.

Table legend:
 A = Non-vault XP
 B = Vault XP
 C = Vault XP percentage of total XP
 D = Non-vault monster count
 E = Vault monster count
 F = Vault count percentage of total count
                 A         B        C        D         E       F
            +---------+---------+-------+---------+---------+-------
      Total |     316 |     156 |  33.1 |      63 |       5 |   7.4
            +---------+---------+-------+---------+---------+-------
        D:1 |      46 |       0 |   0.0 |      26 |       0 |   0.0
        D:2 |      41 |       0 |   0.0 |      12 |       0 |   0.0
        D:3 |      53 |      78 |  59.5 |      20 |       2 |   9.1
        D:4 |     131 |      78 |  37.3 |       4 |       3 |  42.9
    Abyss:1 |      45 |       0 |   0.0 |       1 |       0 |   0.0
            +---------+---------+-------+---------+---------+-------

Illustrated notes

Table legend:
 A = Kills in this place as a percentage of kills in entire the game.
 B = Kills by you in this place as a percentage of kills by you in the entire game.
 C = Kills by friends in this place as a percentage of kills by friends in the entire game.
 D = Other kills in this place as a percentage of other kills in the entire game.
 E = Experience gained in this place as a percentage of experience gained in the entire game.
 F = Experience gained in this place divided by the number of levels of this place that you have seen.
                   A       B       C       D       E      F
               +-------+-------+-------+-------+-------+----------------------
         Total | 100.0 | 100.0 |   N/A |   N/A | 100.0 |  94.4
       Dungeon |  98.5 |  98.5 |   N/A |   N/A |  90.5 | 106.8
         Abyss |   1.5 |   1.5 |   N/A |   N/A |   9.5 |  45.0
               +-------+-------+-------+-------+-------+----------------------

Table legend: (Time is in decaauts)
 A = Elapsed time spent in this place.
 B = Non-inter-level travel time spent in this place.
 C = Inter-level travel time spent in this place.
 D = Time resting spent in this place.
 E = Time spent auto-exploring this place.
 F = Levels seen in this place.
 G = Mean time per level.
                   A        B        C        D        E       F      G
               +--------+--------+--------+--------+--------+-----+--------+
         Total |   3718 |   3639 |     79 |      0 |   3194 |   5 |  743.6 |
       Dungeon |   3649 |   3570 |     79 |      0 |   3165 |   4 |  912.2 |
         Abyss |     69 |     69 |      0 |      0 |     29 |   1 |   69.0 |
               +--------+--------+--------+--------+--------+-----+--------+

Top non-repeatable levels by time:
     D:1: 1242 daAuts
     D:3: 1170 daAuts
     D:2: 763 daAuts
     D:4: 473 daAuts
 Abyss:1: 69 daAuts
